 Dungeon Crawl Stone Soup version 0.13.0-6-g40e4d2d (webtiles) character file.

2163 4tharraofdagon the Quickloader (level 9, 2/66 HPs)
             Began as a Human Hunter on Oct 15, 2013.
             Quit the game on Level 1 of the Abyss.
             The game lasted 00:17:56 (3066 turns).

4tharraofdagon the Quickloader (Human Hunter)       Turns: 3066, Time: 00:17:56

HP   2/66        AC  8     Str 19      XL: 9   Next: 40%
MP  15/15        EV  6     Int 13      God:
Gold 233         SH  0     Dex 14      Spells:  1 memorised, 11 levels left

Res.Fire  : . . .   See Invis. : .   s - +1,+0 dwarf battleaxe
Res.Cold  : . . .   Warding    : .   p - +0 chain mail
Life Prot.: . . .   Conserve   : .   (no shield)
Res.Poison: .       Res.Corr.  : .   (no helmet)
Res.Elec. : .       Clarity    : .   (no cloak)
Sust.Abil.: . .     Spirit.Shd : .   (no gloves)
Res.Mut.  : .       Stasis     : .   (no boots)
Res.Rott. : .       Flight     : .   (no amulet)
Saprovore : . . .                    (no ring)
                                     (no ring)

@: silence, mighty, very poisoned, very slightly contaminated, weakened,
slightly resistant to hostile enchantments, extremely unstealthy
A: no striking features
a: no special abilities


You were on level 1 of the Abyss.
You were not hungry.

You visited 2 branches of the dungeon, and saw 9 of its levels.
You visited the Abyss 1 time.

You collected 213 gold pieces.

Inventory:

Hand weapons
 a - a +0,+0 short sword
 b - a +1,+1 crossbow
 n - a +1,+1 dwarven war axe
 s - a +1,+0 dwarven battleaxe (weapon)
 B - a +0,+2 morningstar of holy wrath
Missiles
 c - 7 bolts
 i - 14 arrows
 l - a throwing net (quivered)
Armour
 d - a +0 leather armour
 p - a +0 chain mail (worn)
Magical devices
 j - a wand of lightning (1)
Comestibles
 f - 2 bread rations
 z - a chunk of giant frog flesh
Scrolls
 g - 3 scrolls of remove curse {unknown}
 h - a scroll of fog {unknown}
 k - a scroll of teleportation {unknown}
 q - a scroll of amnesia
 r - a scroll of curse jewellery {unknown}
 A - a scroll of enchant weapon I
Potions
 e - a potion of heal wounds {unknown}
 m - a potion of speed {unknown}
 t - a potion of brilliance {unknown}
 u - a potion of degeneration {unknown}
 v - a potion of restore abilities {unknown}
Books
 y - a book of the Sky

   Spells                             Type                      Level
   Flight                             Charms/Air                   3
   *Airstrike                         Air                          4
   Silence                            Hexes/Air                    5
   Deflect Missiles                   Charms/Air                   6
   Conjure Ball Lightning             Conjuration/Air              7
   Tornado                            Air                          9
Magical staves
 x - an uncursed staff of fire


   Skills:
 + Level 5.6 Fighting
 - Level 4.1 Axes
 + Level 8.4 Crossbows
 - Level 2.0 Dodging
 - Level 1.0 Stealth
 + Level 3.5 Spellcasting
 * Level 1.9 Air Magic
 + Level 2.8 Evocations


You had 11 spell levels left.
You knew the following spells:

 Your Spells              Type           Power        Failure   Level  Hunger
a - Airstrike             Air            #.........   100%        4    #####..


Dungeon Overview and Level Annotations

Branches:
Dungeon (8/27)             Temple (1/1) D:4
    Orc: D:6-11        Lair: D:8-13

Altars:
Fedhas
Makhleb
Nemelex Xobeh
Okawaru
Sif Muna
Trog
Yredelemnul
Zin
the Shining One

Shops:
D:8 (

Annotations:
D:8 Erolcha


Message History

* * * LOW HITPOINT WARNING * * *
You are more poisoned.
The orange demon hits you but does no damage.
* * * LOW HITPOINT WARNING * * *
You feel sick.
* * * LOW HITPOINT WARNING * * *
You feel very sick.
The orange demon stings you but does no damage.
Found 9 gold pieces.
Unknown command.
Unknown command.
* * * LOW HITPOINT WARNING * * *
You feel very sick.
Found a glowing plate armour.
* * * LOW HITPOINT WARNING * * *
You feel sick.
Unknown command.
Drink which item? (? for menu, Esc to quit)
Okay, then.
Are you sure you want to abandon this character and quit the game? (Confirm with "yes".)

#.#### ##...... #.
4........ .. ## ###.###
... .. #.[. ##..##
#..(.. ...
#..#.###4##.#...........
..$......#.......... . .
.........4.#..#........
####.....##.. ... . .
#..@.## .##......
.......#### ..# ... .
####. .# . .. .## .. ..#
# .# # .


You could see 2 orange demons.

Vanquished Creatures
  A hippogriff (D:7)
  A hungry ghost (D:8)
  A sky beast (D:6)
  2 ogres (D:7)
  An orc warrior (D:7)
  A giant frog (D:8)
  9 wights (D:6)
  6 killer bees (D:4)
  4 hounds
  2 orc wizards
  A black bear skeleton (D:4)
  5 orc priests
  4 worker ants
  2 iguanas
  6 adders
  A worm (D:7)
  A grey rat (D:7)
  2 giant eyeballs
  3 giant geckos
  15 orcs
  5 bats
  2 giant cockroaches
  6 hobgoblins
  2 jackals (D:7)
  3 kobolds
  A giant newt (D:3)
  8 goblins
  A kobold skeleton (D:5)
  5 rats
  2 rat zombies (D:6)
103 creatures vanquished.

Notes
Turn   | Place    | Note
--------------------------------------------------------------
     0 | D:1      | 4tharraofdagon, the Human Hunter, began the quest for the Orb.
     0 | D:1      | Reached XP level 1. HP: 16/16 MP: 0/0
    54 | D:1      | Reached XP level 2. HP: 19/22 MP: 1/1
   288 | D:4      | Reached XP level 3. HP: 18/27 MP: 2/2
   369 | D:5      | Entered Level 5 of the Dungeon
   401 | D:5      | Reached skill level 5 in Crossbows
   401 | D:5      | Reached XP level 4. HP: 17/34 MP: 3/3
   474 | D:5      | Reached XP level 5. HP: 26/39 MP: 4/4
   626 | D:6      | Reached skill level 6 in Crossbows
   626 | D:6      | Reached XP level 6. HP: 30/46 MP: 5/5
   720 | D:6      | Found a blossoming altar of Fedhas.
   902 | D:6      | Reached XP level 7. HP: 7/52 MP: 6/6
   917 | D:6      | Reached skill level 7 in Crossbows
   925 | D:6      | Reached skill level 1 in Axes
   947 | D:6      | Noticed a sky beast
  1096 | D:6      | Killed a sky beast
  1386 | D:7      | Found a glowing silver altar of Zin.
  1415 | D:7      | Reached XP level 8. HP: 55/59 MP: 7/7
  1525 | D:7      | Noticed a hippogriff
  1534 | D:7      | Killed a hippogriff
  1691 | D:8      | Found Xaent's Weapon Boutique.
  1711 | D:7      | Found a bloodstained altar of Trog.
  2041 | D:6      | Bloax: didyou just splat
  2046 | D:6      | 4tharraofdagon: yes
  2046 | D:6      | Bloax: brimstoned?
  2046 | D:6      | 4tharraofdagon: to invisible
  2046 | D:6      | 4tharraofdagon: fog
  2046 | D:6      | 4tharraofdagon: firing
  2046 | D:6      | 4tharraofdagon: lighrting bolts
  2100 | D:5      | 4tharraofdagon: my overall resistances were
  2100 | D:5      | 4tharraofdagon: rn+
  2100 | D:5      | 4tharraofdagon: .
  2131 | D:5      | Bloax: shit man
  2156 | D:5      | Reached skill level 5 in Fighting
  2156 | D:5      | Reached skill level 8 in Crossbows
  2156 | D:5      | Reached skill level 1 in Spellcasting
  2199 | D:5      | 4tharraofdagon: i cant help crap loot
  2261 | D:5      | Bloax: You should grab a flail and go on a clobbering spree.
  2302 | D:4      | Bloax: Bolts are kinda rare.
  2325 | D:4      | Reached skill level 1 in Evocations
  2342 | D:4      | Paralysed by a giant eyeball for 2 turns
  2454 | D:4      | Found a sparkling altar of Nemelex Xobeh.
  2497 | D:4      | Reached XP level 9. HP: 56/65 MP: 13/13
  2524 | D:4      | Noticed a killer bee
  2525 | D:4      | Noticed a killer bee
  2525 | D:4      | Noticed a killer bee
  2525 | D:4      | Bloax: Well look at the bright side.
  2525 | D:4      | 4tharraofdagon: da end
  2525 | D:4      | Bloax: At least you're not switching to Chei from Trog.
  2526 | D:4      | Noticed a killer bee
  2526 | D:4      | Noticed a killer bee
  2526 | D:4      | Bloax: Without blink or tele.
  2527 | D:4      | Noticed a killer bee
  2528 | D:4      | Killed a killer bee
  2528 | D:4      | Killed a killer bee
  2530 | D:4      | Killed a killer bee
  2531 | D:4      | Killed a killer bee
  2537 | D:4      | Killed a killer bee
  2547 | D:4      | Found a staircase to the Ecumenical Temple.
  2554 | Temple   | Entered the Ecumenical Temple
  2571 | Temple   | Bloax: bees right outside temple
  2589 | Temple   | Bloax: that's
  2597 | Temple   | Bloax: nasty
  2613 | Temple   | Learned a level 4 spell: Airstrike
  2651 | D:4      | Bloax: what are you even
  2656 | D:4      | Killed a killer bee
  2816 | D:5      | 4tharraofdagon: idk
  2816 | D:5      | 4tharraofdagon: hybrid
  2816 | D:5      | 4tharraofdagon: melee,range,magic
  2816 | D:5      | Bloax: huhu^sif
  2816 | D:5      | Bloax: this sounds like a terrible plan
  2836 | D:6      | 4tharraofdagon: im goin to rage it
  2882 | D:7      | Bloax: tomb dive
  2883 | D:7      | Reached skill level 1 in Air Magic
  3009 | D:8      | Noticed Erolcha
  3018 | D:8      | Bloax: death will find you soon enough
  3020 | D:8      | Cast into the Abyss (Erolcha)
  3022 | Abyss:1  | Bloax: lol
  3032 | Abyss:1  | Noticed an orange demon
  3048 | Abyss:1  | Noticed an orange demon
  3064 | Abyss:1  | HP: 2/66 [poisoned by an orange demon]
  3066 | Abyss:1  | Quit the game

Action                   |  1- 3 |  4- 6 |  7- 9 || total
-------------------------+-------+-------+-------++-------
Melee: Battleaxe         |       |       |    69 ||    69
 Fire: Crossbow          |    32 |    47 |   124 ||   203
Throw: Throwing net      |       |       |     1 ||     1
Evoke: Wand              |     1 |       |    14 ||    15
  Use: Potion            |       |       |     7 ||     7
       Scroll            |       |       |     7 ||     7
